AoeStats
← [NICE_ASS] BigMasi

Hill Fort

505309392Analyzed
4v4 RM · 24d ago on Sep 8, 2026· 74m 6s· 8 players
Game mode
Random Map
Map size
Large (8 player)
Population
200
Speed
Normal
Resources
Standard
Victory
Conquest
Starting age
Dark Age
Ending age
Imperial Age
RankedLock teamsTeams togetherTeam positionsShared explorationLock speedFull tech treeHidden civsTurbo modeCheats
Victory
Defeat
🇺🇸 Magyars · United States
1368
+13
🇺🇸 Spanish · United States
1315
+16
🇳🇴 Hindustanis · Norway
1287
+17
🇮🇳 Tatars · India
1253
+18
🇺🇸 Malay · United States
1313
-16
🇺🇸 Khmer · United States
1306
-16
🇺🇸 Lithuanians · United States
1299
-16
🇨🇭 Vietnamese · Switzerland
1298
-16
virgilsarmy
9:36 Feudal Age
11:46 Loom
15:26 Castle Age
14:11 Double-Bit Axe
14:07 Horse Collar
16:46 Bow Saw
18:37 Heavy Plow
23:54 Husbandry
24:01 Scale Barding Armor
25:17 Bloodlines
25:28 Chain Barding Armor
26:03 Heavy Plow
28:04 Wheelbarrow
27:41 Gold Mining
28:50 Fervor
30:20 Forging
31:53 Iron Casting
34:09 Stone Mining
35:15 Hand Cart
34:47 Town Watch
38:16 Imperial Age
37:46 Fletching
38:28 Devotion
38:50 Bodkin Arrow
38:23 Elite Leitis
39:25 Conscription
40:36 Chemistry
40:00 Ballistics
39:52 Capped Ram
41:25 Masonry
41:16 Bracer
41:55 Plate Barding Armor
41:21 Bracer
42:27 Guilds
45:00 Architecture
45:02 Coinage
47:44 Hoardings
47:19 Treadmill Crane
47:34 Murder Holes
47:55 Light Cavalry
49:56 Two-Man Saw
49:26 Crop Rotation
49:33 Stone Shaft Mining
49:30 Winged Hussar
53:05 Banking
55:12 Guard Tower
56:55 Keep
56:49 Caravan
72:31 Fortified Wall
[NICE_ASS] BigMasi
12:38 Feudal Age
17:33 Castle Age
16:25 Double-Bit Axe
16:23 Horse Collar
16:40 Loom
19:24 Bow Saw
19:15 Heavy Plow
19:54 Wheelbarrow
22:05 Fletching
24:35 Bodkin Arrow
25:18 Padded Archer Armor
28:40 Hand Cart
30:08 Leather Archer Armor
32:56 Stone Mining
32:59 Gold Mining
33:49 Ballistics
38:58 Imperial Age
39:17 Town Watch
39:58 Bracer
40:28 Ring Archer Armor
40:59 Chemistry
40:45 Paper Money
41:14 Elite Rattan Archer
43:57 Scale Mail Armor
44:08 Forging
45:39 Pikeman
46:20 Squires
46:31 Murder Holes
47:30 Halberdier
48:24 Elite Fire Lancer
50:01 Chain Mail Armor
50:21 Iron Casting
50:45 Siege Engineers
53:38 Arson
54:32 Plate Mail Armor
56:49 Thumb Ring
56:07 Elite Skirmisher
56:51 Capped Ram
57:07 Imperial Skirmisher
61:26 Stone Mining
63:04 Two-Man Saw
69:00 Caravan
72:37 Thumb Ring
71:52 Crossbowman
I KHAN DO IT
5:23 Loom
10:27 Feudal Age
10:10 Double-Bit Axe
16:40 Castle Age
16:46 Bow Saw
20:18 Horse Collar
31:44 Wheelbarrow
30:54 Town Watch
31:12 Heavy Plow
33:17 Gold Mining
33:19 Stone Mining
33:47 Thumb Ring
33:04 Crossbowman
38:20 Imperial Age
37:18 Hand Cart
37:36 Fletching
38:11 Ballistics
38:55 Chemistry
38:18 Bodkin Arrow
38:37 Pikeman
39:18 Squires
39:21 Bracer
39:44 Ballistics
40:59 Arbalester
41:43 Padded Archer Armor
42:08 Bombard Tower
41:40 Elite Skirmisher
43:34 Imperial Skirmisher
53:18 Forging
54:43 Iron Casting
54:41 Leather Archer Armor
54:00 Halberdier
Octosaurus
8:20 Loom
10:53 Feudal Age
15:24 Castle Age
15:05 Double-Bit Axe
15:02 Horse Collar
16:04 Bloodlines
16:45 Wheelbarrow
20:41 Scale Barding Armor
22:15 Scale Mail Armor
23:19 Forging
23:31 Husbandry
30:57 Chain Barding Armor
31:13 Iron Casting
35:27 Imperial Age
35:37 Elite Battle Elephant
39:54 Plate Barding Armor
45:48 Fletching
46:36 Bodkin Arrow
46:42 Stone Mining
47:24 Elite Skirmisher
48:58 Padded Archer Armor
49:32 Bracer
52:40 Ballistics
53:21 Chemistry
58:04 Imperial Skirmisher
Meesh
5:06 Loom
12:38 Feudal Age
13:22 Double-Bit Axe
13:18 Horse Collar
17:54 Castle Age
18:30 Padded Archer Armor
19:00 Bow Saw
21:01 Bloodlines
20:59 Husbandry
21:43 Gold Mining
24:35 Heavy Plow
30:18 Wheelbarrow
29:51 Stone Mining
30:34 Leather Archer Armor
33:37 Imperial Age
33:05 Hand Cart
32:41 Town Watch
35:28 Elite Conquistador
36:33 Conscription
37:52 Ring Archer Armor
38:06 Caravan
39:32 Two-Man Saw
38:27 Onager
41:15 Scale Barding Armor
41:21 Forging
41:41 Cavalier
42:42 Chain Barding Armor
44:17 Iron Casting
46:07 Plate Barding Armor
45:33 Scale Mail Armor
46:34 Blast Furnace
46:48 Paladin
50:27 Fletching
49:58 Pikeman
50:59 Elite Skirmisher
52:20 Thumb Ring
53:31 Chemistry
52:51 Ballistics
53:04 Bodkin Arrow
54:03 Bracer
57:11 Ballistics
57:56 Light Cavalry
62:45 Hussar
Jafarr
5:02 Loom
11:39 Feudal Age
15:46 Castle Age
16:24 Scale Barding Armor
17:34 Double-Bit Axe
17:47 Horse Collar
20:31 Bow Saw
21:45 Heavy Plow
25:10 Chain Barding Armor
28:24 Corvinian Army
29:50 Wheelbarrow
33:32 Hand Cart
37:13 Imperial Age
35:03 Bloodlines
36:30 Gold Mining
36:30 Stone Mining
36:38 Pikeman
37:48 Scale Mail Armor
37:26 Elite Magyar Huszar
38:45 Plate Barding Armor
38:26 Halberdier
39:51 Conscription
41:49 Husbandry
41:49 Cavalier
43:12 Fletching
44:25 Bodkin Arrow
49:27 Paladin
57:52 Light Cavalry
64:11 Crop Rotation
64:07 Hussar
65:40 Chain Mail Armor
67:32 Caravan
69:49 Parthian Tactics
69:31 Thumb Ring
69:30 Bracer
69:30 Padded Archer Armor
69:57 Padded Archer Armor
72:00 Ballistics
72:41 Chemistry
72:45 Leather Archer Armor
72:34 Heavy Cavalry Archer
MagnusAbrams
7:04 Loom
9:48 Feudal Age
10:31 Double-Bit Axe
13:26 Forging
14:48 Scale Barding Armor
20:40 Castle Age
20:53 Bloodlines
21:21 Wheelbarrow
20:45 Light Cavalry
21:26 Husbandry
22:20 Chain Barding Armor
22:38 Iron Casting
22:50 Chain Barding Armor
22:51 Horse Collar
25:04 Hand Cart
25:04 Bow Saw
27:53 Heavy Plow
27:45 Gold Mining
30:15 Gold Shaft Mining
31:59 Stone Mining
34:31 Fervor
39:32 Imperial Age
41:58 Plate Barding Armor
40:47 Heavy Camel Rider
42:51 Two-Man Saw
43:13 Blast Furnace
43:01 Imperial Camel Rider
45:21 Town Watch
46:14 Stone Shaft Mining
46:22 Caravan
49:57 Conscription
49:59 Scale Mail Armor
50:02 Squires
50:05 Grand Trunk Road
51:33 Siege Engineers
52:56 Elite Ghulam
54:57 Fletching
56:22 Chain Mail Armor
57:02 Bodkin Arrow
60:17 Chemistry
59:42 Thumb Ring
60:58 Bracer
63:46 Shatagni
64:20 Padded Archer Armor
65:20 Hussar
67:06 Leather Archer Armor
68:17 Ring Archer Armor
Amlan73
10:52 Feudal Age
14:12 Loom
17:17 Castle Age
15:29 Double-Bit Axe
15:59 Horse Collar
17:44 Fletching
18:31 Bodkin Arrow
20:54 Wheelbarrow
22:18 Ballistics
21:54 Pikeman
24:39 Husbandry
25:08 Gold Mining
25:47 Town Watch
28:13 Squires
30:02 Bow Saw
30:01 Heavy Plow
30:34 Padded Archer Armor
30:47 Bloodlines
35:57 Imperial Age
33:57 Heavy Plow
34:50 Stone Mining
35:03 Padded Archer Armor
36:22 Leather Archer Armor
36:14 Heavy Cavalry Archer
37:22 Bracer
37:53 Conscription
39:11 Ring Archer Armor
39:26 Silk Armor
40:29 Chemistry
40:22 Scale Mail Armor
40:32 Forging
41:43 Halberdier
42:08 Arson
43:00 Iron Casting
42:13 Treadmill Crane
42:29 Murder Holes
48:38 Scale Barding Armor
49:34 Blast Furnace
47:58 Light Cavalry
50:34 Hussar
51:36 Chain Barding Armor
54:12 Plate Barding Armor
56:16 Caravan
60:02 Hand Cart
66:36 Town Patrol
72:39 Capped Ram
Connection lost

Rejoining the realm…

Still unreachable

The connection could not be restored.

Session expired

The server has moved on; the page needs a fresh start.